[Event "*** Titled Tuesday Blitz"]
[Site "Chess.com"]
[Date "2018.08.07"]
[Round "3"]
[White "GMKrikor"]
[Black "morphy1984"]
[Result "1-0"]
[WhiteElo "2787"]
[BlackElo "2513"]
[TimeControl "180+2"]
[EndTime "13:34:02 PDT"]
[Termination "GMKrikor won by resignation"]

1. e4 e5 2. Nf3 Nc6 3. d4 exd4 4. Bc4 Nf6 5. e5 d5 6. Bb5 Ne4 7. Nxd4 Bc5 8. Be3 Bd7 9. Bxc6 bxc6 10. O-O O-O 11.
f3 Ng5 12. f4 Ne4 13. Nd2 Nxd2 14. Qxd2 f6 15. Rae1 fxe5 16. fxe5 Rxf1+ 17. Rxf1 Qe7 18. e6 Bxd4 19. Bxd4 Bxe6 20. Re1 c5 21. Bf2 d4 22. Qf4 Re8 23. h3 Qd6 24. Qg5 Bf7 25. Rxe8+ Bxe8 26. Bg3 Qc6 27. Qe7 h6 28. Bxc7 Bf7 29. Be5 Qd5 30.
b3 a6 31. Kh2 Kh7 32. a4 c4 33. bxc4 Qxc4 34. Qf8 Kg6 35. Qxg7+ Kf5 36. Qf6+ Ke4 37.
Qf4+ 1-0

[Event "*** Titled Tuesday Blitz"]
[Site "Chess.com"]
[Date "2018.08.07"]
[Round "3"]
[White "kikydu96"]
[Black "hansen"]
[Result "0-1"]
[WhiteElo "2443"]
[BlackElo "2650"]
[TimeControl "180+2"]
[EndTime "13:34:02 PDT"]
[Termination "hansen won by resignation"]

1. b3 e5 2. Bb2 Nc6 3. e3 Nf6 4. Bb5 e4 5. d3 a6 6. Bxc6 dxc6 7. Ne2 exd3 8. cxd3 Bb4+ 9. Nbc3 O-O 10. O-O Re8 11. Qc2 Bd6 12. h3 c5 13. Ne4 Nxe4 14. dxe4 Qh4 15.
Nf4 b6 16. Qc3 Be5 17. Qd2 Bd6 18. Qc3 Be5 19. Qd2 Bxb2 20. Qxb2 Rxe4 21. Rad1 Bb7 22. Rd7 Rc8 23. Rfd1 h6 24. Qd2 Bc6 25. Rd3 Qg5 26. f3 Ree8 27. e4 f5 28. exf5 Qxf5 29. Ne2 Bb5 30. Re3 Rxe3 31. Qxe3 Re8 32. Qf4 Qc2 33. Rd2 Qb1+ 34. Kf2 Bxe2 35. Rxe2 Rxe2+ 36. Kxe2 Qxa2+ 37. Kf1 Qa1+ 38. Kf2 Qd4+ 0-1

[Event "*** Titled Tuesday Blitz"]
[Site "Chess.com"]
[Date "2018.08.07"]
[Round "3"]
[White "FearlessKing64"]
[Black "NormWeinstein"]
[Result "0-1"]
[WhiteElo "2251"]
[BlackElo "2397"]
[TimeControl "180+2"]
[EndTime "13:34:02 PDT"]
[Termination "NormWeinstein won by resignation"]

1. e4 c5 2. Nf3 d6 3. d4 Nf6 4. dxc5 Qa5+ 5. Nc3 Nxe4 6. cxd6 Nxc3 7. bxc3 Qxc3+ 8. Bd2 Qc5 9. dxe7 Bxe7 10. Be2 O-O 11. O-O Nc6 12. Be3 Qa5 13. h3 Bf5 14. Qb1 Qc7 15. Bd3 Bg6 16. Bxg6 hxg6 17. Qb3 Na5 18.
Qb5 Nc4 19. Bd4 a6 20. Qb3 Rac8 21. Qc3 Nd6 22. Qxc7 Rxc7 23. c3 Nb5 24. Rab1 Bf6 25. a4 Nxc3 26. Bxc3 Bxc3 27. Rfc1 Rfc8 28. Rb3 Bf6 29.
Rcb1 Rc1+ 30. Rxc1 Rxc1+ 31. Kh2 Rc7 32. g3 Kf8 33.
Kg2 Ke7 34. Nd2 Bd4 35. Nf3 Ba7 36. Ng5 f6 37. Ne4 Ke6 38. Rb2 Ke5 39. Kf3 f5 40. Nd2 Ke6 41. Ke2 Bd4 42. Nf3 Bxb2 0-1

[Event "*** Titled Tuesday Blitz"]
[Site "Chess.com"]
[Date "2018.08.07"]
[Round "3"]
[White "INDIAN-ELEPHANT"]
[Black "misha_melnichuk"]
[Result "1-0"]
[WhiteElo "2722"]
[BlackElo "2612"]
[TimeControl "180+2"]
[EndTime "13:34:05 PDT"]
[Termination "INDIAN-ELEPHANT won by resignation"]

1. d4 Nf6 2. c4 e6 3. Nf3 Bb4+ 4. Bd2 Qe7 5. g3 Nc6 6. Nc3 Bxc3 7. Bxc3 Ne4 8. Rc1 Nxc3 9. Rxc3 O-O 10. Bg2 d6 11. d5 Nb8 12. dxe6 fxe6 13. Nd4 c6 14. O-O Na6 15. a3 Nc7 16. e4 e5 17. Nc2 a5 18. b4 axb4 19. axb4 Be6 20. Ne3 Rad8 21. Rd3 b5 22. Qc2 bxc4 23. Nxc4 Nb5 24. Na5 Bd7 25. Nxc6 Bxc6 26. Qxc6 Nd4 27. Qd5+ Qf7 28.
Rxd4 exd4 29. Qxd4 Qe7 30. f4 Kh8 31. Rb1 Rb8 32. b5 Qf6 33. Qxf6 Rxf6 34. Bh3 Rb6 35. Bd7 g6 36. Bc6 Rf7 37. Ra1 Kg7 38. Ra6 Rb8 39. Kf2 g5 40. f5 Kf6 41. Ke3 Ke5 42. Ra2 Rc7 43. Rd2 Rd8 44. Rd5+ Kf6 45. e5+ Ke7 46. Ke4 dxe5 47. f6+ Kxf6 48. Rxd8 Ra7 49. Ra8 Rc7 50. Ra6 1-0

[Event "*** Titled Tuesday Blitz"]
[Site "Chess.com"]
[Date "2018.08.07"]
[Round "3"]
[White "Manukyan_Artak"]
[Black "SergeiAza"]
[Result "0-1"]
[WhiteElo "2323"]
[BlackElo "2696"]
[TimeControl "180+2"]
[EndTime "13:34:05 PDT"]
[Termination "SergeiAza won by resignation"]

1. e4 c5 2. Nf3 Nc6 3. c3 Nf6 4. e5 Nd5 5. d4 cxd4 6. cxd4 e6 7. Nc3 Nxc3 8. bxc3 d6 9. Bd3 dxe5 10. dxe5 Qa5 11.
O-O Nxe5 12. Nxe5 Qxe5 13. Re1 Qc7 14. Bb5+ Bd7 15. Bf4 Qc8 16. Bxd7+ Qxd7 17. Qg4 O-O-O 18. Rad1 Qc6 19. Rxd8+ Kxd8 20. Rd1+ Kc8 21. Qg5 f6 22. Qa5 Bc5 23. h4 e5 24. Bg3 Re8 25. c4 Qb6 26.
Qa4 Rd8 27. Rxd8+ Qxd8 28. Kh2 a6 29. Qc2 g6 30. h5 Qe8 31. hxg6 Qxg6 32. Qe2 Bd4 33. a4 h5 34. Kg1 Qb1+ 35. Kh2 Qf5 36. Kg1 Kd7 37. a5 Qb1+ 38. Kh2 Qf5 39. Kg1 Qg4 40. Qd3 Kc6 41. Qa3 h4 42. Qa4+ Kc7 43. Bh2 Qe2 44. Kh1 Qf1+ 0-1

[Event "*** Titled Tuesday Blitz"]
[Site "Chess.com"]
[Date "2018.08.07"]
[Round "3"]
[White "Macron20hTF1"]
[Black "djano"]
[Result "1-0"]
[WhiteElo "2319"]
[BlackElo "2357"]
[TimeControl "180+2"]
[EndTime "13:34:06 PDT"]
[Termination "Macron20hTF1 won by resignation"]

1. e4 c5 2. Nf3 d6 3. d4 cxd4 4. Nxd4 Nf6 5. Nc3 a6 6. h3 e5 7. Nde2 Nbd7 8. g4 Nc5 9. Bg2 h6 10.
Be3 Be7 11. Qd2 O-O 12. O-O-O Be6 13. f4 exf4 14. Nxf4 Rc8 15. Kb1 Qa5 16. Ncd5 Qd8 17. Nxe7+ Qxe7 18. Bxc5 dxc5 19. e5 Ne8 20. Rhf1 c4 21. Nd5 Qc5 22. c3 b5 23. Qf2 Bxd5 24. Bxd5 Qxf2 25. Rxf2 Nc7 26. Bb7 Rcd8 27. Rfd2 Rb8 28.
Bc6 b4 29. Kc2 bxc3 30. bxc3 Rb6 31. Be4 Re6 32. Re1 g6 33. Rd7 Rc8 34. Bb7 Rce8 35.
Rxc7 Rxe5 36. Rxe5 Rxe5 37. Rxc4 Re2+ 38. Kb3 a5 39. a4 Re1 40. Rc5 Rb1+ 41. Kc4 Rxb7 42. Rxa5 Kf8 43. Re5 f6 44. Re6 Kf7 45. Rc6 f5 46.
gxf5 gxf5 47. Rxh6 Kg7 48. Rd6 f4 49. a5 f3 50. Rd2 Rb1 51. Rf2 Ra1 52. Kb5 Rb1+ 53. Kc5 Ra1 54. Kb6 Rb1+ 55. Ka6 1-0

[Event "*** Titled Tuesday Blitz"]
[Site "Chess.com"]
[Date "2018.08.07"]
[Round "3"]
[White "Makalexa"]
[Black "silverback96"]
[Result "1-0"]
[WhiteElo "2077"]
[BlackElo "2027"]
[TimeControl "180+2"]
[EndTime "13:34:09 PDT"]
[Termination "Makalexa won by checkmate"]

1. e4 e6 2. d4 d5 3. Nc3 Bb4 4.
e5 c5 5. a3 Bxc3+ 6. bxc3 Ne7 7.
Qg4 Qc7 8. Qxg7 Rg8 9. Qxh7 cxd4 10. Ne2 Nbc6 11. f4 dxc3 12. Nxc3 Nd4 13. Qd3 Nef5 14.
Bd2 Bd7 15. a4 Rc8 16. Rg1 a6 17. g4 Nh4 18. Rg3 Qc5 19. Kd1 Nc6 20. Qh7 Rf8 21. Qxh4 Qf2 22. Be2 Qb6 23. Rb1 Qc7 24. Bc1 Na5 25. Ba3 Bxa4 26. Bd6 Qd7 27. Nxa4 Rxc2 28. Kxc2 Qxa4+ 29. Rgb3 Qe4+ 30. Kd1 Qd4+ 31. Ke1 Qg1+ 32. Bf1 Kd7 33. Qe7+ Kc6 34. Rc1+ Nc4 35. Qc7# 1-0

[Event "*** Titled Tuesday Blitz"]
[Site "Chess.com"]
[Date "2018.08.07"]
[Round "3"]
[White "Laico"]
[Black "HovmoellerHest"]
[Result "1-0"]
[WhiteElo "2260"]
[BlackElo "2215"]
[TimeControl "180+2"]
[EndTime "13:34:10 PDT"]
[Termination "Laico won by checkmate"]

1. e4 c5 2. Nc3 Nc6 3. f4 d6 4. Bb5 Bd7 5. Nf3 a6 6. Bxc6 Bxc6 7. d3 e6 8. O-O Be7 9. Qe1 Nf6 10. Qg3 g6 11. f5 gxf5 12. exf5 e5 13. Bg5 h6 14.
Qh4 Kd7 15. Bxf6 Bxf6 16. Qc4 Qg8 17. Nd5 Bxd5 18. Qxd5 Kc7 19. b4 Bg5 20. bxc5 Be3+ 21. Kh1 Bxc5 22. Rab1 Rb8 23. f6 Qe8 24. d4 exd4 25.
Nxd4 Bxd4 26. Qxd4 Qc6 27. Rb3 Kd8 28. Rc3 Qd7 29.
Qb6+ Ke8 30. Rc7 Qb5 31. Re1+ Kf8 32. Qxd6+ Kg8 33. a4 Qxa4 34. Qg3+ Kh7 35. Qg7# 1-0

[Event "*** Titled Tuesday Blitz"]
[Site "Chess.com"]
[Date "2018.08.07"]
[Round "3"]
[White "Iball95"]
[Black "Mr_Penings"]
[Result "1-0"]
[WhiteElo "2544"]
[BlackElo "2484"]
[TimeControl "180+2"]
[EndTime "13:34:16 PDT"]
[Termination "Iball95 won by checkmate"]

1. d4 Nf6 2. Bf4 g6 3. Nc3 d5 4.
e3 Bg7 5. h4 h5 6. Nf3 Bg4 7. Be2 Bxf3 8. Bxf3 c6 9. Qd2 b5 10.
O-O-O Nbd7 11. Kb1 Nb6 12. Be5 b4 13. Ne2 a5 14. Nf4 Nc4 15. Qd3 a4 16. e4 e6 17.
exd5 cxd5 18. Rhe1 O-O 19. Bxf6 Bxf6 20. Nxg6 fxg6 21. Qxg6+ Kh8 22. Qxh5+ Kg8 23. Qg4+ Kh8 24. Rxe6 b3 25. cxb3 axb3 26. axb3 Na5 27. Qh5+ Kg7 28. Bxd5 Rb8 29. Qg4+ Kh8 30. Qh5+ Kg7 31. Rd3 Rh8 32. Rg3+ Kf8 33. Qg6 Rb6 34. Rxb6 Qxb6 35. Qf7# 1-0

[Event "*** Titled Tuesday Blitz"]
[Site "Chess.com"]
[Date "2018.08.07"]
[Round "3"]
[White "JozefKneht"]
[Black "m3alam"]
[Result "1-0"]
[WhiteElo "2323"]
[BlackElo "2173"]
[TimeControl "180+2"]
[EndTime "13:34:17 PDT"]
[Termination "JozefKneht won by resignation"]

1. d4 Nf6 2. Bf4 d5 3. Nf3 Bf5 4.
e3 c6 5. Bd3 Bxd3 6. Qxd3 e6 7.
O-O Bd6 8. Bg3 Bxg3 9. hxg3 O-O 10. c4 Nbd7 11. Nc3 Re8 12. e4 Nxe4 13. Nxe4 dxe4 14. Qxe4 Nf6 15. Qe3 Qa5 16. Rfd1 Qf5 17. Ne5 Rad8 18. Rd3 Ng4 19. Nxg4 Qxg4 20. Rad1 h6 21. a4 Rd7 22. b4 Red8 23. Kh2 f6 24. f3 Qh5+ 25. Kg1 a5 26.
Qxe6+ Kh8 27. b5 cxb5 28. axb5 Rd6 29. Qg4 Qxg4 30. fxg4 b6 31. Kf2 Kg8 32. Ke3 Kf7 33. c5 Re6+ 34. Kd2 Kg6 35. c6 Rd5 36. Rc1 Re8 37.
c7 Rc8 38. Rc6 Rxb5 39. d5 Rc5 40. Rxc5 bxc5 41. d6 c4 42. Rd4 Kf7 43. d7 Rxc7 44. d8=Q c3+ 45. Kc2 Re7 46. Rd7 1-0

[Event "*** Titled Tuesday Blitz"]
[Site "Chess.com"]
[Date "2018.08.07"]
[Round "3"]
[White "FrenchandSlav"]
[Black "tomsishere"]
[Result "0-1"]
[WhiteElo "2275"]
[BlackElo "2379"]
[TimeControl "180+2"]
[EndTime "13:34:18 PDT"]
[Termination "tomsishere won by resignation"]

1. d4 Nf6 2. c4 e6 3. Nc3 Bb4 4. f3 c5 5. d5 exd5 6. cxd5 d6 7. e4 O-O 8. Ne2 Nbd7 9. Ng3 h5 10. Be2 h4 11. Nf5 Ne5 12. O-O Bxf5 13. exf5 Re8 14. Bg5 h3 15. g4 a6 16. f4 Ned7 17. Qd3 b5 18. Rae1 c4 19. Qxh3 Qb6+ 20. Kh1 Re3 21. Bf3 Rae8 22. Rxe3 Rxe3 23. Bh4 Bxc3 24. bxc3 Nxd5 25. Bf2 Nc5 26. Bxe3 Nxe3 27. Re1 Nd3 28. Re2 Nxf4 29. Qg3 Nxe2 30. Bxe2 b4 31. cxb4 c3 32. Bd3 c2 33. Bxc2 Nxc2 34. a3 Qc6+ 35. Kg1 Nd4 36. Qd3 Qc1+ 37. Kg2 Qc2+ 38. Qxc2 Nxc2 0-1

[Event "*** Titled Tuesday Blitz"]
[Site "Chess.com"]
[Date "2018.08.07"]
[Round "3"]
[White "vpantev"]
[Black "gmjlh"]
[Result "1-0"]
[WhiteElo "2524"]
[BlackElo "2748"]
[TimeControl "180+2"]
[EndTime "13:34:20 PDT"]
[Termination "vpantev won on time"]

1. d4 d5 2. Nf3 Nf6 3. c4 e6 4. Bf4 dxc4 5. Nc3 c6 6. a4 Nd5 7.
Bd2 b5 8. e4 Nxc3 9. bxc3 Nd7 10. g3 Be7 11. Bg2 O-O 12. O-O Bb7 13. Qc2 a6 14. e5 c5 15. Ng5 Bxg5 16. Bxb7 Ra7 17.
Bxg5 Qxg5 18. Be4 cxd4 19. cxd4 Rc7 20. axb5 axb5 21. Rfb1 Rb8 22. Bxh7+ Kh8 23. Be4 b4 24. Ra4 b3 25. Qc3 Nb6 26. Rxb3 Qd8 27. Rxb6 Rxb6 28. Rxc4 Rxc4 29. Qxc4 g6 30. d5 exd5 31. Bxd5 Kg7 32.
Kg2 Qe7 33. Qd4 Rb4 34. Qc3 Rb5 35. e6+ f6 36. Qc4 Rc5 37. Qe4 Rb5 38. h4 Rb2 39.
Qf3 Qd6 40. h5 gxh5 41. Qxh5 Qb6 42. Qf7+ Kh6 43. Qxf6+ 1-0

[Event "*** Titled Tuesday Blitz"]
[Site "Chess.com"]
[Date "2018.08.07"]
[Round "3"]
[White "MFBerna"]
[Black "Titus369"]
[Result "1/2-1/2"]
[WhiteElo "2285"]
[BlackElo "2205"]
[TimeControl "180+2"]
[EndTime "13:34:20 PDT"]
[Termination "Game drawn by repetition"]

1. e4 c5 2. Nf3 d6 3. d4 cxd4 4. Nxd4 Nf6 5. Nc3 a6 6. Be2 e6 7. O-O Nbd7 8. f4 b5 9. Bf3 Bb7 10. e5 Bxf3 11. Qxf3 dxe5 12. Nc6 Qb6+ 13. Kh1 e4 14.
Nxe4 Nxe4 15. Qxe4 Nf6 16. Qf3 Rc8 17. Ne5 Bd6 18.
Be3 Qc7 19. Bd4 Qxc2 20. Qb7 O-O 21. Qxa6 Bxe5 22. fxe5 Ng4 23. h3 Qe4 24. Rad1 Rc2 25. Rf3 Qe2 26. Rg1 Nxe5 27. Rf2 Qe4 28. Rxc2 Qxd4 29. Rc8 Qd5 30. Rxf8+ Kxf8 31. Qc8+ Ke7 32. Qc7+ Ke8 33. Qc8+ Ke7 34. Qc7+ Ke8 35. Rc1 Nc4 36.
b3 Nd6 37. Qb8+ Ke7 38. Rc7+ Kf6 39. Qd8+ Kg6 40. Rd7 Qe5 41. Rxd6 Qe1+ 42. Kh2 Qe5+ 43. Kg1 Qe1+ 44. Kh2 Qe5+ 45. Kg1 Qe1+ 46. Kh2 Qe5+ 1/2-1/2

[Event "*** Titled Tuesday Blitz"]
[Site "Chess.com"]
[Date "2018.08.07"]
[Round "3"]
[White "pultineviciuspaulius"]
[Black "NateSolon"]
[Result "0-1"]
[WhiteElo "2559"]
[BlackElo "2495"]
[TimeControl "180+2"]
[EndTime "13:34:23 PDT"]
[Termination "NateSolon won by checkmate"]

1. d4 Nf6 2. Nf3 d5 3. Bf4 e6 4.
e3 Bd6 5. Bg3 O-O 6. Nbd2 c5 7.
Bd3 c4 8. Be2 b5 9. c3 Nc6 10. Qc2 Bb7 11. e4 dxe4 12. Nxe4 Nxe4 13. Qxe4 Rb8 14. Bxd6 Qxd6 15. Ng5 g6 16. Qh4 h5 17. Bxh5 Kg7 18. Ne4 Qe7 19. Qxe7 Nxe7 20. Bf3 e5 21. dxe5 Nc6 22. Nd6 Nxe5 23. Bxb7 Nd3+ 24. Kf1 Rfd8 25. Nxf7 Kxf7 26. Be4 Nxb2 27. Ke2 Na4 28. Rac1 Rd6 29.
Rc2 Rbd8 30. Rb1 a6 31. f3 g5 32. Ke3 Kf6 33. h4 gxh4 34. Kf4 Rd2 35. Rxd2 Rxd2 36.
Rh1 Nxc3 37. Rxh4 Rxg2 38. Rh6+ Ke7 39. Rxa6 Rxa2 40. Rb6 Nxe4 41. fxe4 Rb2 42. Ke5 c3 43. Rb7+ Kd8 44. Kd6 Rd2+ 45. Ke6 c2 46. Rxb5 c1=Q 47. Rh5 Qc6+ 48. Kf5 Qc5+ 49. e5 Rf2+ 50. Kg6 Qc6+ 51. Kg7 Qd7+ 52. Kh8 Qe8+ 53. Kg7 Qxh5 54. e6 Qg5+ 55.
Kh8 Rh2# 0-1

[Event "*** Titled Tuesday Blitz"]
[Site "Chess.com"]
[Date "2018.08.07"]
[Round "3"]
[White "Divertissement"]
[Black "michaelk123"]
[Result "1-0"]
[WhiteElo "2568"]
[BlackElo "2379"]
[TimeControl "180+2"]
[EndTime "13:34:23 PDT"]
[Termination "Divertissement won on time"]

1. d4 Nf6 2. c4 e6 3. Nc3 Bb4 4.
Qc2 O-O 5. a3 Bxc3+ 6. Qxc3 b6 7.
f3 d5 8. Bg5 c5 9. cxd5 exd5 10.
Rd1 Nc6 11. dxc5 d4 12. Qc1 Bb7 13. e4 Re8 14. Bd3 Rc8 15. Qf4 bxc5 16. Bxf6 Qxf6 17. Qxf6 gxf6 18. Ne2 Ne5 19. b3 Rb8 20. Bb5 Re7 21.
Ba4 f5 22. exf5 Ba6 23. Kf2 Nd3+ 24. Rxd3 Bxd3 25. Nf4 Bxf5 26. Rc1 Rc8 27. g4 Be6 28. Nh5 Rb7 29. Nf6+ Kg7 30. Ne4 Bxb3 31. Nd6 Bxa4 32.
Nxc8 Rc7 33. Nd6 Bb3 34. Ne8+ Kf8 35. Nxc7 c4 36. Nb5 d3 37. Ke3 a6 38. Nd4 1-0

[Event "*** Titled Tuesday Blitz"]
[Site "Chess.com"]
[Date "2018.08.07"]
[Round "3"]
[White "Alliswell998"]
[Black "pKiLz5Rn9b"]
[Result "0-1"]
[WhiteElo "2424"]
[BlackElo "2709"]
[TimeControl "180+2"]
[EndTime "13:34:25 PDT"]
[Termination "pKiLz5Rn9b won by resignation"]

1. e4 c5 2. Nc3 d6 3. f4 Nc6 4. Nf3 g6 5. Bb5 Bd7 6. O-O Bg7 7. d3 e6 8. Bxc6 Bxc6 9. Qe1 Ne7 10. Qh4 b5 11. f5 gxf5 12. Bg5 b4 13. Ne2 fxe4 14. dxe4 h6 15. Bf6 Bxf6 16. Qxf6 Ng6 17. Qg7 Qe7 18. Nh4 Qxh4 19. Qxf7+ Kd8 20. Rad1 Qxe4 21. Rxd6+ Kc8 22. Rf2 Rf8 23. Rxc6+ Qxc6 24. Qxg6 Rxf2 25. Kxf2 Kb7 26. Qf7+ Kb6 27. Nf4 Re8 28.
Nd3 e5 29. Kg1 Qe6 30. Qf2 Qd5 31. Kh1 e4 32. Ne1 e3 33. Qf6+ Re6 34. Qf8 e2 35. h3 Qd6 36. a4 Qxf8 37. a5+ Kxa5 38. Nf3 e1=Q+ 39. Kh2 Qf4+ 40. g3 0-1

[Event "*** Titled Tuesday Blitz"]
[Site "Chess.com"]
[Date "2018.08.07"]
[Round "3"]
[White "ElHelvetico"]
[Black "xberli"]
[Result "0-1"]
[WhiteElo "2661"]
[BlackElo "2460"]
[TimeControl "180+2"]
[EndTime "13:34:25 PDT"]
[Termination "xberli won by resignation"]

1. d4 Nf6 2. c4 g6 3. g3 Bg7 4. Bg2 O-O 5. Nc3 d6 6. Nf3 c6 7. O-O Bf5 8. Re1 Ne4 9. Nxe4 Bxe4 10. Bh3 d5 11. Ng5 h6 12. Nxe4 dxe4 13. e3 e6 14. Qb3 Qb6 15. Bd2 Nd7 16. Bb4 c5 17. Ba3 Rfd8 18. Rad1 cxd4 19. exd4 Bxd4 20. Qc2 Nc5 21.
Re2 a5 22. Bg2 f5 23. b3 Kf7 24. Rxd4 Rxd4 25. Bb2 Rad8 26. Bxd4 Rxd4 27. h4 Qd6 28. Kh2 g5 29. Qc3 b6 30. hxg5 hxg5 31. Qe3 Kg6 32. f4 Rd3 33. Qf2 Qd4 34. Qf1 Qh8+ 35.
Kg1 Qd4+ 36. Kh2 Rd1 37. Qf2 Qh8+ 38. Bh3 g4 0-1

[Event "*** Titled Tuesday Blitz"]
[Site "Chess.com"]
[Date "2018.08.07"]
[Round "3"]
[White "HansCoolNiemann"]
[Black "Koksik_13"]
[Result "0-1"]
[WhiteElo "2470"]
[BlackElo "2611"]
[TimeControl "180+2"]
[EndTime "13:34:25 PDT"]
[Termination "Koksik_13 won by checkmate"]

1. d4 e6 2. e4 d5 3. Nc3 Bb4 4. e5 c5 5. a3 Bxc3+ 6. bxc3 Ne7 7. Nf3 Qc7 8. Bd3 b6 9. a4 Ba6 10. Bb5+ Bxb5 11. axb5 a6 12. bxa6 Rxa6 13. Rxa6 Nxa6 14. h4 h6 15. h5 O-O 16. O-O Rc8 17. Qd3 Nb8 18. Qb5 cxd4 19. cxd4 Nbc6 20. Ba3 Nf5 21. c3 Na5 22. Bb4 Nc4 23. g4 Ne7 24. Ra1 Nc6 25.
Bd6 Qb7 26. Rb1 Ra8 27. Bc5 Ra2 28. Bxb6 Na3 29. Qa4 Nxb1 30. Qxa2 Qxb6 31. Qa8+ Nb8 32. g5 Nxc3 33. g6 fxg6 34. hxg6 Nb5 35. Qa4 Nc7 36. Qa3 Qb1+ 37. Kh2 Qxg6 38. Qe7 Nba6 39. Nh4 Qe4 40. f3 Qc2+ 41. Kh3 Kh7 42. f4 Qd3+ 43. Kg4 Qxd4 44.
Qf7 Qg1+ 45. Kh3 d4 46. f5 d3 47. Ng6 Qe1 48. Nf8+ Kh8 49. f6 Qf1+ 50. Kg3 Qg1+ 51. Kf3 Qf1+ 52. Ke3 Nd5+ 53. Kd4 Qf2+ 54. Kc4 Qc5+ 55. Kxd3 Qe3+ 56. Kc4 Qc3+ 57. Kb5 Qc5+ 58. Kxa6 Qb6# 0-1

[Event "*** Titled Tuesday Blitz"]
[Site "Chess.com"]
[Date "2018.08.07"]
[Round "3"]
[White "MarshKnight"]
[Black "ChrisTool2"]
[Result "0-1"]
[WhiteElo "2108"]
[BlackElo "2255"]
[TimeControl "180+2"]
[EndTime "13:34:26 PDT"]
[Termination "ChrisTool2 won by resignation"]

1. e4 c5 2. Nf3 e6 3. d4 cxd4 4. Nxd4 a6 5. c4 b6 6. Nc3 Bb7 7. Be3 Qc7 8. Be2 d6 9. O-O Nf6 10. f3 Nbd7 11. Rc1 Be7 12. a3 O-O 13. b4 Rac8 14.
Qb3 Qb8 15. Rfd1 Rfe8 16. Bf2 Ne5 17. Bf1 h5 18. Nc2 Ng6 19. Bxb6 Bxe4 20. fxe4 Qxb6+ 21. Kh1 Ng4 22. c5 dxc5 23. Na4 Qa7 24. Rd2 cxb4 25. h3 Nf2+ 26. Kh2 Bg5 27. Rcd1 Nxd1 28. Rxd1 bxa3 29. Nxa3 h4 30. Nc4 Bf4+ 31. Kh1 Red8 32.
Rb1 Qf2 33. Nab6 Rb8 34. Bd3 Qg3 35. Kg1 Be3+ 36. Kh1 Nf4 37. Nxe3 Qxe3 38. Qc2 Nxd3 39. Nc4 Rxb1+ 40. Qxb1 Qe1+ 0-1

[Event "*** Titled Tuesday Blitz"]
[Site "Chess.com"]
[Date "2018.08.07"]
[Round "3"]
[White "b_6"]
[Black "Drags95"]
[Result "0-1"]
[WhiteElo "2387"]
[BlackElo "2617"]
[TimeControl "180+2"]
[EndTime "13:34:26 PDT"]
[Termination "Drags95 won on time"]

1. d4 Nf6 2. Bf4 e6 3. e3 d5 4. Nd2 b6 5. Bd3 Bb7 6. Ngf3 c5 7. c3 Nc6 8. Ne5 Nxe5 9. Bxe5 Nd7 10. Bg3 g6 11.
O-O Bg7 12. Bb5 O-O 13. Bd6 Re8 14. Nf3 cxd4 15. cxd4 a6 16. Bd3 b5 17. a4 Nb6 18.
Be5 Nxa4 19. Bxg7 Kxg7 20. Qe2 Qe7 21. Rfc1 Rec8 22. Ne5 Qb4 23. Nd7 Qxb2 24. Qd1 Rxc1 25. Rxc1 Rc8 26. Rxc8 Bxc8 27. Ne5 f6 28. Nf3 Nc3 29. Qf1 a5 30. g4 a4 31. g5 f5 32.
Qh3 Qc1+ 33. Kg2 Ne4 34. Qh6+ Kg8 35. Bxe4 dxe4 36. Ne5 Qc7 37. Nxg6 Qg7 38. Ne7+ Qxe7 39. Kf1 Qf7 40. h4 a3 0-1

[Event "*** Titled Tuesday Blitz"]
[Site "Chess.com"]
[Date "2018.08.07"]
[Round "3"]
[White "2Tilted"]
[Black "ShadowJolteon"]
[Result "0-1"]
[WhiteElo "2333"]
[BlackElo "2198"]
[TimeControl "180+2"]
[EndTime "13:34:27 PDT"]
[Termination "ShadowJolteon won by checkmate"]

1. d4 Nf6 2. Nf3 d5 3. c4 c6 4. e3 Bf5 5. Nc3 Nbd7 6. cxd5 cxd5 7. Qb3 Qb6 8. Nxd5 Qxb3 9. Nxf6+ Nxf6 10. axb3 a6 11. Bd2 e6 12. Bb5+ Ke7 13. Ne5 Nd5 14. g4 Bc2 15. Bc4 f6 16. Nd3 b5 17. Bxd5 exd5 18. Bb4+ Kf7 19. Bxf8 Bxd3 20. Bc5 h5 21. Kd2 Be4 22. Rhg1 hxg4 23. Bd6 a5 24. Rxg4 Ra6 25.
Bf4 g5 26. Bc7 Rc6 27. Rc1 Rxc1 28. Kxc1 Rc8 29. Kd2 Rxc7 30. h4 Rc2+ 31. Ke1 Rxb2 32. hxg5 fxg5 33. Rxg5 Rxb3 34. f3 Bd3 35. Rxd5 a4 36.
Rd7+ Ke6 37. Ra7 a3 38. Ra6+ Kd5 39. Kd2 Bc4 40. Ra8 Rd3+ 41. Ke2 Rxd4+ 42. Kf2 Rd2+ 43.
Kg3 a2 44. Rd8+ Kc5 45. Rxd2 a1=Q 46. Rg2 Qc3 47. Kf4 b4 48. Rg5+ Bd5 49. e4 Qd2+ 50. Kg4 Qxg5+ 51. Kxg5 Bc4 52. f4 b3 53. f5 b2 54. e5 b1=Q 55. e6 Qg1+ 56. Kf6 Qd4+ 57. Ke7 Qe5 58. Kd8 Bxe6 59. fxe6 Qxe6 60. Kc7 Qf7+ 61.
Kd8 Kc6 62. Kc8 Qf8# 0-1

[Event "*** Titled Tuesday Blitz"]
[Site "Chess.com"]
[Date "2018.08.07"]
[Round "3"]
[White "Martins-BR"]
[Black "Last7Samurai"]
[Result "0-1"]
[WhiteElo "2326"]
[BlackElo "2604"]
[TimeControl "180+2"]
[EndTime "13:34:27 PDT"]
[Termination "Last7Samurai won by resignation"]

1. e4 e5 2. Nf3 Nc6 3. d4 exd4 4. Nxd4 Bc5 5. Be3 Qf6 6. c3 Nge7 7. g3 h5 8. h3 h4 9. g4 d5 10. Bg2 dxe4 11.
O-O Bd7 12. Nd2 Bxd4 13. Nxe4 Qg6 14. cxd4 O-O 15. Nc5 Rad8 16. Nxb7 Rb8 17. Nc5 Rfd8 18. Nxd7 Rxd7 19. Qd2 Nd5 20. Rac1 Nce7 21. a3 Rbd8 22.
b4 f5 23. gxf5 Nxf5 24. Rc5 c6 25. Rfc1 Rd6 26. b5 Nfxe3 27. fxe3 Qg3 28. bxc6 Nxe3 29. R1c3 Rxd4 30. Rxe3 Rxd2 31. Rxg3 hxg3 32. c7 Rd1+ 33. Bf1 Rc8 34. Kg2 Rd7 35. Bc4+ Kh7 36. Be6 Rcxc7 37.
Rh5+ Kg6 38. Rh4 Rd2+ 39. Kxg3 Rc3+ 40. Kf4 Rd4+ 41. Ke5 Rxh4 0-1

[Event "*** Titled Tuesday Blitz"]
[Site "Chess.com"]
[Date "2018.08.07"]
[Round "3"]
[White "VeraNebolsina"]
[Black "ShadyH9"]
[Result "1-0"]
[WhiteElo "2408"]
[BlackElo "2248"]
[TimeControl "180+2"]
[EndTime "13:34:36 PDT"]
[Termination "VeraNebolsina won by checkmate"]

1. e4 d6 2. d4 Nf6 3. Nc3 g6 4. Nf3 Bg7 5. Bd3 O-O 6. O-O Bg4 7. h3 Bxf3 8. Qxf3 Nc6 9. Be3 e5 10. d5 Nd4 11. Qd1 c5 12. Nb1 c4 13. Bxc4 Nxe4 14.
Nd2 Nxd2 15. Qxd2 Rc8 16. Bd3 f5 17. c3 f4 18. cxd4 fxe3 19. Qxe3 exd4 20. Qe6+ Kh8 21. Rac1 Rxc1 22. Rxc1 Re8 23. Qf7 Re7 24. Qf4 Be5 25. Qg4 Rc7 26. Re1 Qf6 27. g3 Qf8 28. f4 Bg7 29.
Qh4 Bf6 30. Qg4 Qc8 31. Qxc8+ Rxc8 32. Kg2 Kg7 33. g4 Rc5 34. g5 Bd8 35. Re8 Bb6 36. Kf3 Rxd5 37. Bc4 Rf5 38. Rg8# 1-0

[Event "*** Titled Tuesday Blitz"]
[Site "Chess.com"]
[Date "2018.08.07"]
[Round "3"]
[White "Keranke"]
[Black "jk13"]
[Result "1-0"]
[WhiteElo "2830"]
[BlackElo "2511"]
[TimeControl "180+2"]
[EndTime "13:34:38 PDT"]
[Termination "Keranke won by resignation"]

1. d4 Nf6 2. Bf4 e6 3. e3 d5 4.
Nf3 c5 5. Nc3 Nc6 6. Nb5 e5 7.
dxe5 a6 8. Nc3 d4 9. exf6 dxc3 10. Qxd8+ Nxd8 11. bxc3 gxf6 12. a4 Bd7 13. Bc4 Ne6 14.
Bg3 Bc6 15. O-O O-O-O 16. Rfd1 Rxd1+ 17. Rxd1 Bxa4 18. Bb3 Bc6 19. Nh4 Be7 20. Nf5 Re8 21.
Bh4 Be4 22. Nxe7+ Rxe7 23. Bxf6 Rd7 24. Rxd7 Kxd7 25. f3 Bc6 26. Kf2 b5 27. e4 c4 28.
Ba2 Nc5 29. Ke3 Ke6 30. Bd4 Nd7 31. g4 f6 32. f4 h6 33. f5+ Kd6 34. Kf4 Ne5 35.
h4 Bb7 36. Be3 Nf7 37. Bb6 Ke7 38. Bc5+ Ke8 39. Bd4 Ke7 40. e5 fxe5+ 41. Bxe5 Nxe5 42. Kxe5 Bf3 43. g5 h5 44. g6 Kf8 45. f6 Bg4 46. f7 Kg7 47. Kd6 Kf8 48. Ke5 Kg7 49. Bb1 Bf3 50. Ke6 1-0

[Event "*** Titled Tuesday Blitz"]
[Site "Chess.com"]
[Date "2018.08.07"]
[Round "3"]
[White "ahmadzada13"]
[Black "Chakraborty-ARZ"]
[Result "1-0"]
[WhiteElo "2636"]
[BlackElo "2431"]
[TimeControl "180+2"]
[EndTime "13:34:39 PDT"]
[Termination "ahmadzada13 won by checkmate"]

1. d4 Nf6 2. c4 g6 3. Nc3 d5 4.
Nf3 Bg7 5. Bg5 Ne4 6. cxd5 Nxg5 7. Nxg5 e6 8. Qd2 exd5 9. Qe3+ Kf8 10. Qf4 Bf6 11.
h4 Kg7 12. e3 c6 13. Bd3 h6 14. Nf3 Re8 15. g4 Be7 16. g5 h5 17. Ne5 Rf8 18. Qg3 Nd7 19. f4 Nxe5 20. fxe5 Bg4 21. O-O b5 22. Rf2 b4 23. Ne2 c5 24. Nf4 c4 25. Bc2 c3 26. b3 a5 27. Raf1 Qd7 28. Qg2 Rad8 29. Qg3 a4 30. bxa4 Qc6 31. Nd3 Bf5 32.
Rxf5 gxf5 33. Rxf5 Qc4 34. g6 fxg6 35. Nf4 Qc6 36. e6 Rf6 37. Rxf6 Bxf6 38. Qxg6+ Kh8 39. Qh7# 1-0